 Dungeon Crawl Stone Soup version 0.28.0-45-g0d030f2227 (webtiles) character file.

Game seed: 12869274128354459982

21 zeratav the Insei (level 2, 0/18 HPs)
             Began as an Octopode Transmuter on Apr 8, 2022.
             Slain by a kobold
             ... wielding a +0 short sword
              (5 damage)
             ... on level 1 of the Dungeon.
             The game lasted 00:00:39 (415 turns).

zeratav the Insei (Octopode Transmuter)              Turns: 415, Time: 00:00:40

Health: 0/18       AC:  1    Str:  9    XL:     2   Next: 83%
Magic:  5/5        EV: 13    Int: 15    God:
Gold:   29         SH:  0    Dex: 12    Spells: 4/5 levels left

rFire   . . .      SeeInvis .     - Unarmed
rCold   . . .      Faith    .   (no shield)
rNeg    . . .      Spirit   .   (helmet restricted)
rPois   .          Reflect  .   (no amulet)
rElec   .          Harm     .   (no ring)
rCorr   .          Rampage  .   (no ring)
Will    .....                   (no ring)
Stlth   +++.......              (no ring)
HPRegen 0.06/turn               (no ring)
MPRegen 0.09/turn               (no ring)
                                (no ring)
                                (no ring)

@: no status effects
A: almost no armour, amphibious, 8 rings, camouflage 1, gelatinous body 1,
(nimble swimmer 1), tentacles
a: no special abilities


You were on level 1 of the Dungeon.
You visited 1 branch of the dungeon, and saw 1 of its levels.

You collected 29 gold pieces.


Innate Abilities, Weirdness & Mutations

You cannot wear most types of armour.
You are amphibious.
You can wear up to eight rings at the same time.
Your skin changes colour to match your surroundings (Stealth+).
Your rubbery body absorbs attacks. (AC +1, EV +1)
((You are camouflaged when in or above water. (Stealth+)))
You have tentacles for arms and can constrict up to eight enemies at once.


   Skills:
 + Level 1.4 Fighting
 + Level 2.2 Dodging
 + Level 1.3 Stealth
 * Level 3.4 Unarmed Combat
 - Level 2.0 Spellcasting
 - Level 2.0 Transmutations


You had 4 spell levels left.
You knew the following spells:

 Your Spells              Type           Power      Damage    Failure   Level
a - Beastly Appendage     Tmut           14%        N/A       10%         1

Your spell library contained the following spells:

 Spells                   Type           Power      Damage    Failure   Level
 Wereblood                Tmut           7%         N/A       14%         2
 Pain                     Necr           4%         1d4       22%         1
 Spider Form              Tmut/Pois      4%         N/A       41%         3
 Ice Form                 Ice/Tmut       4%         N/A       82%         4

Inventory:

Scrolls
 b - a scroll of identify {unknown}
Potions
 a - a potion of haste {@q3}

Dungeon Overview and Level Annotations

Branches:
Dungeon (1/15)

Altars:

### #..# .#
# #..<#
##.## #
##### #..#
.# ##.##.#
#.####..#.#
#......†..#
#####....?#
#.#.#.#
#.#@#...
#+#rK.###
....#
.....#
.....>#
......##
###+####


You could see a kobold and a rat.


Message History

No target in view!
No target in view!
No target in view!
No target in view!
No target in view!
No target in view!
No target in view!
No target in view!
No target in view!
No target in view!
No target in view!
Your transformation is almost over.
You see here a ball python corpse.
Your tentacle spike disappears.
You now have 29 gold pieces (gained 13).
An endoplasm comes into view.
MP[+1]
Your mp is fully restored (5).
An endoplasm is nearby!
An endoplasm is nearby!
One of your tentacles grows a vicious spike.
MP[-1]
You lost 1 mp, and now have 4/5 mp.
A bat comes into view.
A bat comes into view.
You tentacle-slap the endoplasm.
You squeeze the endoplasm, but do no damage.
The bat barely misses you. The endoplasm freezes you.
You are frozen.
HP[-5]
You take 5 damage, and now have 13/18 hp.
MASSIVE DAMAGE!! (PAUSE)
You tentacle-slap the endoplasm.
You kill the endoplasm!
The bat hits you but does no damage. The bat hits you but does no damage.
A rat comes into view.
The bat closely misses you.
A goblin and a rat come into view.
Your transformation is almost over.
The bat closely misses you.
You closely miss the bat. Your grab misses the bat.
Your tentacle spike misses the bat.
The bat barely misses you. The rat barely misses you.
MP[+1]
Your mp is fully restored (5).
You tentacle-slap the rat.
You kill the rat!
The rat bites you. The bat closely misses you.
HP[-3]
You take 3 damage, and now have 10/18 hp.
You tentacle-slap the bat. Your grab misses the bat.
Your squeeze misses the bat. The bat barely misses you.
The rat closely misses you.
You closely miss the rat. You grab the rat. You constrict the rat.
The bat hits you. The rat bites you.
* * * LOW HITPOINT WARNING * * *
You tentacle-slap the bat.
You kill the bat!
You constrict the rat.
You kill the rat!
You tentacle-slap the bat but do no damage.
Your grab misses the bat.
Your tentacle spike misses the bat.
Your squeeze misses the bat. The bat hits you but does no damage.
HP[-1]
You take 1 damage, and now have 9/18 hp.
A giant cockroach comes into view.
Found a stone staircase leading down.
You barely miss the bat. Your grab misses the bat.
You pierce the bat.
You kill the bat!
Your tentacle spike disappears.
A kobold comes into view. It is wielding a +0 short sword.
The kobold shouts!
The goblin shouts!
The kobold throws a stone.
The stone hits you but does no damage.
There are monsters nearby!
A rat comes into view.
The goblin misses you.
You tentacle-slap the goblin.
You kill the goblin!
You tentacle-slap the giant cockroach but do no damage.
Your grab misses the giant cockroach. You squeeze the giant cockroach.
The giant cockroach closely misses you.
You barely miss the giant cockroach. You grab the giant cockroach.
You constrict the giant cockroach. The giant cockroach bites you.
* * * LOW HITPOINT WARNING * * *
The kobold closely misses you.
HP[-1]
You take 1 damage, and now have 8/18 hp.
You tentacle-slap the giant cockroach.
You kill the giant cockroach!
The kobold closely misses you.
You closely miss the kobold. Your grab misses the kobold.
Your squeeze misses the kobold. The rat barely misses you.
The kobold hits you with a +0 short sword.
* * * LOW HITPOINT WARNING * * *
You tentacle-slap the kobold. Your grab misses the kobold.
Your squeeze misses the kobold. The rat barely misses you.
The kobold hits you with a +0 short sword.
You die...

Skill      XL: |  1  2 |
---------------+-------+-----
Stealth        | 1 |  1.3
Fighting       | |  1.4
Dodging        | |  2.2
Unarmed Combat | |  3.4
Spellcasting   | |  2.0
Transmutations | |  2.0

Action                   || total
-------------------------++-------
Melee: Unarmed           ||    34
       Constrict         ||    10
       Tentacles         ||     7
       Kick              ||     6
       Punch             ||     1
 Cast: Beastly Appendage ||     5
Armor: Skin              ||     5
Dodge: Dodged            ||    27

Levels and vault maps discovered:
D:1:      sevenhm_arrival_forest_fort_small_4, layout_basic,
          shapermc_ecumenical_altar_rom_forum

Notes
Turn   | Place    | Note
-------+----------+-------------------------------------------
     0 | D:1      | zeratav the Octopode Transmuter began the quest for the
                  | Orb.
     0 | D:1      | Reached XP level 1. HP: 13/13 MP: 3/3
     0 | D:1      | magus.rc [v1.9.6]
   266 | D:1      | Reached XP level 2. HP: 18/18 MP: 3/5
   266 | D:1      | Found a faded altar of an unknown god.
   270 | D:1      | Reached skill level 1 in Stealth
   340 | D:1      | Got Plato's Tome of Evil
   415 | D:1      | Slain by a kobold

Vanquished Creatures
  2 ball pythons (D:1)
  An endoplasm (D:1)
  A giant cockroach (D:1)
  3 goblins (D:1)
  2 hobgoblins (D:1)
  2 kobolds (D:1)
  A quokka (D:1)
  2 bats (D:1)
  2 frilled lizards (D:1)
  4 rats (D:1)
20 creatures vanquished.

Vanquished Creatures (others)
  A fungus (D:1)
1 creature vanquished.

Grand Total: 21 creatures vanquished

Table legend:
 A = Non-vault XP
 B = Vault XP
 C = Vault XP percentage of total XP
 D = Non-vault monster count
 E = Vault monster count
 F = Vault count percentage of total count
                 A         B        C        D         E       F
            +---------+---------+-------+---------+---------+-------
      Total |      30 |       0 |   0.0 |      20 |       0 |   0.0
            +---------+---------+-------+---------+---------+-------
        D:1 |      30 |       0 |   0.0 |      20 |       0 |   0.0
            +---------+---------+-------+---------+---------+-------

Illustrated notes

Table legend:
 A = Kills in this place as a percentage of kills in entire the game.
 B = Kills by you in this place as a percentage of kills by you in the entire game.
 C = Kills by friends in this place as a percentage of kills by friends in the entire game.
 D = Other kills in this place as a percentage of other kills in the entire game.
 E = Experience gained in this place as a percentage of experience gained in the entire game.
 F = Experience gained in this place divided by the number of levels of this place that you have seen.
                   A       B       C       D       E      F
               +-------+-------+-------+-------+-------+----------------------
         Total | 100.0 | 100.0 |   N/A |   N/A | 100.0 |  30.0
       Dungeon | 100.0 | 100.0 |   N/A |   N/A | 100.0 |  30.0
               +-------+-------+-------+-------+-------+----------------------

Table legend: (Time is in decaauts)
 A = Elapsed time spent in this place.
 B = Non-inter-level travel time spent in this place.
 C = Inter-level travel time spent in this place.
 D = Time resting spent in this place.
 E = Time spent auto-exploring this place.
 F = Levels seen in this place.
 G = Mean time per level.
                   A        B        C        D        E       F      G
               +--------+--------+--------+--------+--------+-----+--------+
         Total |    413 |    413 |      0 |      0 |    331 |   1 |  413.0 |
       Dungeon |    413 |    413 |      0 |      0 |    331 |   1 |  413.0 |
               +--------+--------+--------+--------+--------+-----+--------+

Top non-repeatable levels by time:
     D:1: 413 daAuts
